 Dungeon Crawl Stone Soup version 0.20-a0-4-gd166d5d (webtiles) character file.

59 sveltemanboy the Poker (level 3, -1/27 HPs)
             Began as a Demonspawn Gladiator on Oct 31, 2016.
             Slain by Terence
             ... wielding a +4 flail of venom
              (3 damage)
             ... on level 2 of the Dungeon.
             The game lasted 00:03:08 (1308 turns).

sveltemanboy the Poker (Demonspawn Gladiator)       Turns: 1308, Time: 00:03:08

Health: -1/27      AC:  7    Str: 15    XL:     3   Next: 78%
Magic:  3/3        EV: 11    Int: 10    God:
Gold:   46         SH:  0    Dex: 13    Spells: 0 memorised, 2 levels left

rFire  . . .     SeeInvis .     a - +0 trident
rCold  . . .     Gourm    .     s - +0 ring mail
rNeg   . . .     Faith    .     (no shield)
rPois  .         Spirit   .     c - +0 helmet
rElec  .         Reflect  .     (no cloak)
rCorr  .         Harm     .     (no gloves)
MR     .....                    k - +0 pair of boots
Stlth  +.........               (no amulet)
                                (no ring)
                                o - ring of wizardry

@: lethally poisoned (-1 -> -11)
A: hooves 2
a: no special abilities


You were on level 2 of the Dungeon.
You were not hungry.

You visited 1 branch of the dungeon, and saw 2 of its levels.

You collected 46 gold pieces.

Inventory:

Hand Weapons
 a - a +0 trident (weapon)
Missiles
 b - 6 tomahawks (quivered)
Armour
 c - a +0 helmet (worn)
 k - a +0 pair of boots (worn)
 s - a +0 ring mail (worn)
Jewellery
 o - a ring of wizardry (left hand)
Scrolls
 g - a scroll of fog {unknown}
 h - 3 scrolls of noise {unknown}
 i - 3 scrolls of remove curse {unknown}
 p - a scroll of amnesia {unknown}
Potions
 e - a potion of might {unknown}
 l - a potion of cure mutation {unknown}
 m - a potion of ambrosia {unknown}
 q - a potion of cancellation {unknown}
 r - 2 potions of heal wounds {unknown}
Comestibles
 f - 2 bread rations
 j - a chunk of flesh


   Skills:
 - Level 2.0 Fighting
 * Level 3.4 Polearms
 + Level 2.3 Throwing
 + Level 1.6 Armour
 - Level 2.6 Dodging


You had 2 spell levels left.
You didn't know any spells.

Dungeon Overview and Level Annotations

Branches:
Dungeon (2/15)

Altars:

Annotations:
D:2 Terence


Innate Abilities, Weirdness & Mutations

You have hoof-like feet.


Message History

Press: ? - help, Shift-Dir - straight line, f/p - Terence
Aim: Terence, wielding a flail of venom and wearing a ring mail (severely wounded)
You throw a throwing net. The throwing net barely misses Terence.
Terence closely misses you.
You barely miss Terence.
Terence is severely wounded.
Terence hits you with a flail of venom.
You hit Terence but do no damage.
Terence is severely wounded.
Terence misses you.
You barely miss Terence.
Terence is severely wounded.
Terence hits you with a flail of venom!
* * * LOW HITPOINT WARNING * * *
You are lethally poisoned!
You hit Terence.
Terence is almost dead.
* * * LOW HITPOINT WARNING * * *
You feel sick. Terence hits you with a flail of venom.
You die...

... ....... ... #.....#
..# #.....# #.# #.....# #
#.###+##.....#
.#.##.#####.#..........#
..@.....(##.#..........#
.#.##.##@.#.#..........##
# #@.......##.......
#........####.....
#........####.....
#........##.......
#........##...(..#
#.....(..##......#
#.........##......#
#.........###....##
#......


You could see Terence.

Vanquished Creatures
  2 adders (D:2)
  An ooze (D:1)
  2 dart slugs (D:1)
  2 leopard geckos (D:1)
  5 bats
  7 goblins
  4 hobgoblins
  2 kobolds
  A quokka (D:2)
  3 frilled lizards
  A rat (D:1)
30 creatures vanquished.

Notes
Turn   | Place    | Note
-------+----------+-------------------------------------------
     0 | D:1      | sveltemanboy the Demonspawn Gladiator began the quest for the Orb.
     0 | D:1      | Reached XP level 1. HP: 16/16 MP: 1/1
   198 | D:1      | Reached skill level 1 in Armour
   198 | D:1      | Gained mutation: You have large cloven feet. [demonic ancestry]
   198 | D:1      | Reached XP level 2. HP: 17/22 MP: 2/2
   296 | D:1      | Reached skill level 3 in Polearms
   752 | D:1      | Gained mutation: You have hoof-like feet. [demonic ancestry]
   752 | D:1      | Reached XP level 3. HP: 27/27 MP: 3/3
  1231 | D:2      | Found a faded altar of an unknown god.
  1279 | D:2      | Noticed Terence
  1308 | D:2      | Slain by Terence

Vault maps used:
D:1:      dpeg_arrival_rooms_c
D:2:      lemuel_doored_altar, ecumenical_altar_2, uniq_terence

Skill      XL: |  1  2 |
---------------+-------+-----
Armour         | 1 |  1.6
Polearms       | 3 |  3.4
Throwing       | 2 |  2.3
Fighting       | |  2.0
Dodging        | |  2.6

Action                   || total
-------------------------++-------
Melee: Trident           ||   124
Throw: Throwing net      ||     7
  Use: Potion            ||     1
 Stab: Held in net/web   ||     1
  Eat: Chunk             ||     1
Armor: Ring mail         ||    20
       Scale mail        ||    17
Dodge: Dodged            ||    65
